 Dungeon Crawl Stone Soup version 0.24.0-37-gcf1ca852f1 (webtiles) character file.

Game seed: 8436635574398284895, levelgen mode: deterministic

15 Emblim88 the Charlatan (level 2, -2/21 HPs)
             Began as a Demonspawn Artificer on Nov 23, 2019.
             Slain by a goblin
             ... wielding a +0 dagger
              (3 damage)
             ... on level 3 of the Dungeon.
             The game lasted 00:01:59 (1220 turns).

Emblim88 the Charlatan (Demonspawn Artificer)       Turns: 1220, Time: 00:01:59

Health: -2/21      AC:  3    Str: 12    XL:     2   Next: 34%
Magic:  4/4        EV: 11    Int: 12    God:
Gold:   40         SH:  4    Dex: 17    Spells: 1/1 levels left

rFire    . . .     SeeInvis .   a - +0 short sword
rCold    . . .     Gourm    .   i - +0 buckler
rNeg     . . .     Faith    .   b - +0 leather armour
rPois    .         Spirit   .   (helmet restricted)
rElec    .         Reflect  .   (no cloak)
rCorr    .         Harm     .   (no gloves)
MR       .....                  (no boots)
Stlth    ++........             (no amulet)
HPRegen  0.07/turn              m - +4 ring of dexterity
MPRegen  0.09/turn              n - ring of wizardry

@: no status effects
A: antennae 1
a: no special abilities


You were on level 3 of the Dungeon.
You were not hungry.

You visited 1 branch of the dungeon, and saw 3 of its levels.

You collected 40 gold pieces.

Inventory:

Hand Weapons
 a - a +0 short sword (weapon)
Armour
 b - a +0 leather armour (worn)
 i - a +0 buckler (worn)
Jewellery
 m - a +4 ring of dexterity (left hand)
 n - a ring of wizardry (right hand)
Wands
 c - a wand of flame (14)
 d - a wand of enslavement (15)
 e - a wand of random effects (15)
Scrolls
 k - 2 scrolls of fear {unknown}
 o - a scroll of enchant armour {unknown}
 p - a scroll of identify {unknown}
Potions
 g - a potion of agility {unknown}
 h - a potion of lignification {unknown}
 j - 2 potions of flight {unknown}
 l - a potion of curing {unknown}
Comestibles
 f - 3 rations


   Skills:
 + Level 1.4 Fighting
 + Level 1.2 Short Blades
 + Level 2.0 Dodging
 - Level 0.8 Stealth
 + Level 3.2 Evocations


You had one spell level left.
You didn't know any spells.
Your spell library was empty.

Dungeon Overview and Level Annotations

Branches:
Dungeon (2/15)

Altars:


Innate Abilities, Weirdness & Mutations

You have a pair of small antennae on your head.


Message History

You hit the worm.
The worm is heavily wounded.
The goblin barely misses you. The worm barely misses you.
The goblin misses you.
You hit the worm.
The worm is severely wounded.
The goblin hits you with a +0 dagger.
You hit the worm.
The worm is almost dead.
You block the worm's attack. The goblin hits you but does no damage.
You barely miss the worm.
The worm is severely wounded.
The worm bites you!
Ouch! That really hurt!
* * * LOW HITPOINT WARNING * * *
The goblin hits you but does no damage.
You hit the worm but do no damage.
The worm is severely wounded.
The goblin hits you with a +0 dagger.
You die...

#..........
###.####...
#.# #.# #$#
#.# #.# #g#
#@# #w# #.#
#.. ###


You could see a worm and a goblin.

Vanquished Creatures
  A worm (D:2)
  A giant cockroach (D:1)
  3 goblins
  A hobgoblin (D:1)
  A bat (D:2)
  4 frilled lizards (D:1)
  A kobold (D:1)
  2 rats (D:1)
14 creatures vanquished.

Notes
Turn   | Place    | Note
-------+----------+-------------------------------------------
     0 | D:1      | Emblim88 the Demonspawn Artificer began the quest for the
                  | Orb.
     0 | D:1      | Reached XP level 1. HP: 15/15 MP: 3/3
   321 | D:1      | Reached skill level 1 in Short Blades
   617 | D:1      | Gained mutation: You have a pair of small antennae on your
                  | head. [demonic ancestry]
   617 | D:1      | Reached XP level 2. HP: 19/21 MP: 4/4
  1166 | D:2      | You fall into a shaft and drop 1 floor!
  1219 | D:3      | HP: 1/21 [worm (11)]
  1220 | D:3      | Slain by a goblin

Levels and vault maps discovered:
D:1:      evilmike_arrival_rings, layout_loops_ring, nrook_uturn
D:2:      minmay_door_path, layout_loops_ring, first_ration
D:3:      layout_basic, lemuel_doored_altar, uniq_terence

Skill      XL: |  1 |
---------------+----+-----
Short Blades   | 1 |  1.2
Dodging        | 2 |  2.0
Fighting       | |  1.4
Stealth        | |  0.8
Evocations     | |  3.2

Action                   || total
-------------------------++-------
Melee: Short sword       ||    55
Evoke: Wand              ||     1
 Stab: Sleeping          ||     2
  Eat: Chunk             ||     1
Armor: Leather armour    ||     7
Dodge: Dodged            ||    24
Block: Buckler           ||     6
